 Dungeon Crawl Stone Soup version 0.18.1-47-g9310371 (webtiles) character file.

6412 juanjsm the Unseen (level 10, -1/44 (45) HPs)
             Began as a Spriggan Enchanter on June 14, 2016.
             Was a Priest of Okawaru.
             Slain by a blink frog (17 damage)
             ... on level 1 of the Lair of Beasts on June 15, 2016.
             The game lasted 00:33:58 (9370 turns).

juanjsm the Unseen (Spriggan Enchanter)             Turns: 9370, Time: 00:33:59

HP:   -1/44 (45)    AC:  3    Str:  4    XL:     10   Next: 66%
MP:   11/21         EV: 24    Int: 20    God:    Okawaru [***...]
Gold: 685           SH:  0    Dex: 17    Spells: 4 memorised, 14 levels left

rFire  x . .     SeeInvis +     h - +2 dagger (pain)
rCold  + + .     Gourm    .     b - +1 robe
rNeg   . . .     Faith    .     (shield restricted)
rPois  .         Spirit   .     (helmet restricted)
rElec  .         Dismiss  .     (no cloak)
rCorr  .         Reflect  .     (gloves unavailable)
SustAt .         Harm     .     (boots unavailable)
MR     +....                    (no amulet)
Stlth  +++++++...               D - ring of ice
                                q - ring of protection from cold

@: very slightly contaminated, very quick, somewhat resistant to hostile
enchantments, extremely stealthy
A: unfitting armour, see invisible, herbivore 3, speed 3, slow metabolism 2
a: Heroism, Renounce Religion


You were on level 1 of the Lair of Beasts.
You worshipped Okawaru.
Okawaru was most pleased with you.
You were not hungry.

You visited 3 branches of the dungeon, and saw 12 of its levels.

You collected 685 gold pieces.

Inventory:

Hand Weapons
 h - a +2 dagger of pain (weapon)
 n - a +0 vampiric whip
 w - a +0 dagger of draining
 x - a +2 hunting sling of flaming
 C - a +3 short sword
 J - a +0 flail of holy wrath
 M - a +3 scimitar of flaming
 P - a +1 dagger of electrocution
Missiles
 m - 48 poisoned needles
 y - 10 needles of sleeping
Armour
 b - a +1 robe (worn)
Magical Staves
 B - an uncursed staff of air {unknown}
Jewellery
 q - a ring of protection from cold (left hand)
 D - a ring of ice (right hand)
Wands
 j - a wand of slowing (27/48)
 A - a wand of paralysis (9/24)
 G - a wand of digging (12/24)
 N - a wand of acid (12/15)
Scrolls
 a - 2 scrolls of random uselessness {unknown}
 g - 4 scrolls of immolation {unknown}
 k - 9 scrolls of remove curse
 p - 3 scrolls of recharging {unknown}
 u - 2 scrolls of fear {unknown}
 v - 3 scrolls of blinking {unknown}
 z - 2 scrolls of teleportation {unknown}
 F - a scroll of enchant armour {unknown}
 H - a scroll of amnesia {unknown}
Potions
 e - 2 potions of haste
 f - 3 potions of lignification
 i - 3 potions of brilliance
 l - 7 potions of curing
 r - 3 potions of might
 s - a potion of resistance
 t - 3 potions of flight
 E - a potion of agility
 I - a potion of magic
 L - a potion of berserk rage {unknown}
 O - a potion of heal wounds {unknown}
Books
 c - a book of Maledictions

   Spells                             Type                      Level
   a - Corona                         Hexes                        1
   b - Ensorcelled Hibernation        Hexes/Ice                    2
   c - Confuse                        Hexes                        3
   d - Tukima's Dance                 Hexes                        3
   e - Dazzling Spray                 Conjuration/Hexes            3
 K - a book of Geomancy

   Spells                             Type                      Level
   a - Sandblast                      Earth                        1
   b - Passwall                       Transmutation/Earth          2
   c - Stone Arrow                    Conjuration/Earth            3
   d - Petrify                        Transmutation/Earth          4
   e - Lee's Rapid Deconstruction     Earth                        5
Comestibles
 d - 2 bread rations
 Q - 20 fruits


   Skills:
 + Level 1.3 Fighting
 * Level 6.1 Short Blades
 * Level 8.8 Dodging
 * Level 16.0 Stealth
 * Level 7.2 Spellcasting
 + Level 7.8 Hexes
 + Level 3.1 Ice Magic


You had 14 spell levels left.
You knew the following spells:

 Your Spells              Type           Power        Failure   Level  Hunger
a - Corona                Hex            #####..      1%          1    None
b - Ensorcelled Hibernat  Hex/Ice        #####.       1%          2    None
c - Confuse               Hex            #####...     1%          3    #......
d - Dazzling Spray        Conj/Hex       ###...       8%          3    #......


Dungeon Overview and Level Annotations

Branches:
Dungeon (10/15)            Temple (1/1) D:5            Lair (1/8) D:10
    Orc (0/2) D:9

Altars:
Ashenzari
Cheibriados
Dithmenos
Elyvilon
Fedhas
Gozag
Kikubaaqudgha
Makhleb
Nemelex Xobeh
Okawaru
Pakellas
Qazlal
Ru
Sif Muna
Trog
Vehumet
Xom
Yredelemnul
Zin
The Shining One

Shops:
D:5 %


Innate Abilities, Weirdness & Mutations

You are tiny and cannot use many weapons and most armour.
You have supernaturally acute eyesight.
You are a herbivore.
You cover ground extremely quickly.
You need consume almost no food.


Message History

The blink frog resists with some effort.
The blink frog completely misses you. x2; The blink frog hits you!!
Casting: Ensorcelled Hibernation
Confirm with . or Enter, or press ? or * to list all spells.
Aiming: Ensorcelled Hibernation
Press: ? - help, Shift-Dir - straight line, f/p - blink frog
Aim: a blink frog (lightly wounded, chance to defeat MR: 51%)
You feel a surge of power!
The blink frog resists with some effort.
The blink frog completely misses you. The blink frog barely misses you.
The blink frog completely misses you.
Casting: Ensorcelled Hibernation
Confirm with . or Enter, or press ? or * to list all spells.
Aiming: Ensorcelled Hibernation
Press: ? - help, Shift-Dir - straight line, f/p - blink frog
Aim: a blink frog (lightly wounded, chance to defeat MR: 51%)
You feel a surge of power!
The blink frog resists with some effort.
The blink frog hits you!
You die...

## ## #F#.## #.# #@#.#
#..F#.#########
#..F#....##.##.#######
.....#.#.#...(..........
#.#...#...#.##..........
.#...#.#..####..........
..#...#.#.# #...........
...#.#.#.## ##..........
.#...# # .............


You could see 3 blink frogs.

Vanquished Creatures
  Erica (D:8)
  The ghost of buf2 the Ducker, a novice HuWn of Sif Muna (D:9)
  An elephant (D:10)
  A troll (D:9)
  Prince Ribbit (D:8)
  A blink frog (Lair:1)
  The ghost of cribozai the Archer, an amateur HEHu (D:4)
  2 hippogriffs
  A yak (D:10)
  A basilisk (Lair:1)
  A warg (D:9)
  4 orc warriors (D:9)
  4 ice beasts
  A sky beast (D:8)
  3 black bears
  A necrophage (D:9)
  3 ogres
  A crocodile (D:10)
  2 giant frogs
  5 scorpions
  5 killer bees (D:8)
  A howler monkey (D:9)
  4 crimson imps
  2 giant frog zombies
  2 centaur zombies
  A quasit (D:9)
  A centaur skeleton (D:4)
  5 orc priests
  4 hounds
  3 iguanas
  7 orc wizards
  5 worker ants
  A sheep (D:10)
  A hound skeleton (D:9)
  13 adders
  4 gnolls (D:2)
  2 adder zombies
  4 worms
  3 dart slugs
  3 giant geckos
  32 orcs
  2 giant cockroaches
  11 hobgoblins
  7 jackals
  8 kobolds
  6 quokkas
  A ball python (D:4)
  5 bats
  A giant gecko zombie (D:6)
  3 giant newts
  9 goblins
  A jackal zombie (D:8)
  9 rats
202 creatures vanquished.

Vanquished Creatures (others)
  An iguana (D:5)
1 creature vanquished.

Grand Total: 203 creatures vanquished

Notes
Turn   | Place    | Note
--------------------------------------------------------------
     0 | D:1      | juanjsm the Spriggan Enchanter began the quest for the Orb.
     0 | D:1      | Reached XP level 1. HP: 9/9 MP: 5/5
   191 | D:1      | Reached XP level 2. HP: 6/13 MP: 6/6
   515 | D:1      | Learned a level 2 spell: Ensorcelled Hibernation
   939 | D:1      | Reached XP level 3. HP: 16/16 MP: 0/8
   946 | D:1      | Learned a level 3 spell: Confuse
  1104 | D:2      | Reached skill level 5 in Stealth
  1718 | D:2      | Reached XP level 4. HP: 20/21 MP: 4/9
  2005 | D:3      | Learned a level 3 spell: Dazzling Spray
  2208 | D:3      | Found an opulent altar of Gozag.
  2248 | D:5      | Entered Level 5 of the Dungeon
  2562 | D:4      | Reached skill level 6 in Stealth
  2562 | D:4      | Reached skill level 1 in Ice Magic
  2562 | D:4      | Reached XP level 5. HP: 21/24 MP: 10/10
  2617 | D:4      | Found a stormy altar of Qazlal.
  2619 | D:4      | Reached skill level 7 in Stealth
  2688 | D:4      | Reached XP level 6. HP: 28/28 MP: 9/12
  3108 | D:4      | Noticed cribozai's ghost (amateur HEHu)
  3187 | D:4      | Reached skill level 8 in Stealth
  3518 | D:5      | Found a staircase to the Ecumenical Temple.
  3528 | Temple   | Entered the Ecumenical Temple
  3878 | D:4      | Killed cribozai's ghost
  3878 | D:4      | Reached skill level 5 in Dodging
  3878 | D:4      | Reached skill level 9 in Stealth
  3878 | D:4      | Reached skill level 5 in Hexes
  3878 | D:4      | Reached XP level 7. HP: 32/32 MP: 4/14
  4571 | D:5      | Found a sacrificial altar of Ru.
  4650 | D:5      | Found an oddly glowing altar of Pakellas.
  4650 | D:5      | Noticed an orange crystal statue
  4766 | D:5      | Found Vewkuw's Food Shop.
  4879 | D:6      | Found a basalt altar of Yredelemnul.
  4920 | D:5      | Reached skill level 10 in Stealth
  5230 | D:6      | Reached XP level 8. HP: 36/37 MP: 12/16
  5398 | D:6      | Reached skill level 11 in Stealth
  5561 | D:6      | Reached skill level 5 in Spellcasting
  5962 | D:7      | Reached skill level 1 in Fighting
  6118 | D:7      | Reached skill level 12 in Stealth
  6403 | D:7      | Found a glowing silver altar of Zin.
  7028 | D:8      | Noticed Erica
  7114 | D:8      | Reached XP level 9. HP: 41/41 MP: 17/17
  7147 | D:8      | Noticed Prince Ribbit
  7157 | D:8      | Killed Prince Ribbit
  7157 | D:8      | Reached skill level 13 in Stealth
  7267 | D:8      | Found a sparkling altar of Nemelex Xobeh.
  7562 | D:8      | Killed Erica
  7562 | D:8      | Reached skill level 5 in Short Blades
  7562 | D:8      | Reached skill level 14 in Stealth
  7570 | D:8      | Found an iron altar of Okawaru.
  7572 | D:8      | Found a shattered altar of Ashenzari.
  7576 | D:8      | Became a worshipper of Warmaster Okawaru
  7932 | D:10     | Entered Level 10 of the Dungeon
  8241 | D:9      | Found a staircase to the Orcish Mines.
  8254 | D:9      | Reached XP level 10. HP: 41/45 MP: 12/20
  8263 | D:9      | Reached * piety under Okawaru
  8403 | D:9      | Noticed buf2's ghost (novice HuWn)
  8468 | D:9      | Found an opulent altar of Gozag.
  8551 | D:10     | Found a staircase to the Lair.
  8551 | D:10     | Noticed an elephant
  8714 | D:9      | Killed buf2's ghost
  8714 | D:9      | Reached ** piety under Okawaru
  8714 | D:9      | Reached skill level 15 in Stealth
  9129 | D:9      | Found a blossoming altar of Fedhas.
  9192 | D:9      | Found a sparkling altar of Nemelex Xobeh.
  9254 | D:10     | Killed an elephant
  9265 | Lair:1   | Entered Level 1 of the Lair of Beasts
  9344 | Lair:1   | Reached *** piety under Okawaru
  9363 | Lair:1   | Reached skill level 16 in Stealth
  9370 | Lair:1   | Slain by a blink frog

Skill      XL: |  1  2  3  4  5  6  7  8  9 10 |
---------------+-------------------------------+-----
Hexes          | 4 5 6 7 |  7.8
Dodging        | 4 5 6 7 8 |  8.8
Spellcasting   | 3 4 5 6 7 |  7.2
Stealth        | 5 6 7 9 10 12 14 16 | 16.0
Ice Magic      | 1 2 3 |  3.1
Short Blades   | 2 4 5 6 |  6.1
Fighting       | 1 |  1.3

Action                   |  1- 3 |  4- 6 |  7- 9 | 10-12 || total
-------------------------+-------+-------+-------+-------++-------
Melee: Dagger            |   101 |   104 |   163 |    46 ||   414
 Cast: Corona            |     9 |       |       |       ||     9
       Ensorcelled Hiber |    18 |    32 |    56 |    28 ||   134
       Confuse           |       |     1 |    13 |     7 ||    21
  Use: Scroll            |       |     6 |       |     4 ||    10
       Potion            |       |       |     1 |       ||     1
 Stab: Sleeping          |    22 |    48 |    65 |    22 ||   157
       Confused          |       |     2 |    10 |     6 ||    18
       Distracted        |       |     1 |     1 |     4 ||     6
  Eat: Pizza             |       |     2 |     1 |       ||     3
       Bread ration      |       |       |     1 |       ||     1
Armor: Robe              |    15 |     4 |     8 |     1 ||    28
Dodge: Dodged            |   118 |    43 |   104 |    34 ||   299
